 Dungeon Crawl Stone Soup version 0.30-a0-799-g109b55a442 (webtiles) character file.

Game seed: 2343780496843467757

328 cheesebisquit the Digger (level 6, -7/32 HPs)
             Began as a Gargoyle Earth Elementalist on Feb 20, 2023.
             Was an Initiate of Vehumet.
             Engulfed by a steam dragon's steam (12 damage)
             ... on level 4 of the Dungeon.
             The game lasted 00:20:04 (2822 turns).

cheesebisquit the Digger (GrEE)                     Turns: 2822, Time: 00:20:04

Health: -7/32      AC:  8    Str: 11    XL:     6   Next: 50%
Magic:  7/12       EV: 11    Int: 18    God:    Vehumet [......]
Gold:   74         SH:  0    Dex: 10    Spells: 9/13 levels left

rFire   . . .      SeeInvis .    d - +0 sling
rCold   . . .      Faith    .    (no shield)
rNeg    + . .      Spirit   .    a - +0 robe
rPois   ∞          Reflect  .    (no helmet)
rElec   +          Harm     .    k - +0 cloak
rCorr   .          Rampage  .    j - +0 pair of gloves
Will    .....                    (no boots)
Stlth   ++                       (no amulet)
HPRegen 0.25/turn                (no ring)
MPRegen 0.13/turn                (no ring)

@: no status effects
A: sickness immunity, AC +4, negative energy resistance 1, electricity
resistance, torment resistance 1, petrification resistance
a: Renounce Religion


You were on level 4 of the Dungeon.
You worshipped Vehumet.
Vehumet was noncommittal.
You visited 1 branch of the dungeon, and saw 4 of its levels.

You collected 156 gold pieces.
You spent 82 gold pieces at shops.

Inventory:

Hand Weapons
 d - a +0 sling (weapon)
 i - a +2 dagger of holy wrath
Armour
 a - a +0 robe (worn)
 j - a +0 pair of gloves (worn)
 k - a +0 cloak (worn)
Jewellery
 n - an amulet of guardian spirit
 r - a ring of ice
Wands
 h - a wand of flame (14)
Scrolls
 e - a scroll of vulnerability
 g - a scroll of enchant armour
 l - 4 scrolls of teleportation
 o - a scroll of enchant weapon
 p - a scroll of poison {unknown}
 q - a scroll of fog {unknown}
 s - a scroll of noise {unknown}
 u - a scroll of magic mapping
Potions
 b - a potion of magic
 c - a potion of mutation
 f - a potion of cancellation
 t - a potion of flight


   Skills:
 - Level 1.5 Dodging
 - Level 2.1 Stealth
 + Level 4.2 Spellcasting
 + Level 2.3 Conjurations
 - Level 0.7 Transmutations
 + Level 6.2 Earth Magic


You had 9 spell levels left.
You knew the following spells:

 Your Spells              Type           Power      Damage    Failure   Level
b - Stone Arrow           Conj/Erth      38%        3d9       8%          3
z - Sandblast             Erth           52%        2d12      1%          1

Your spell library contained the following spells:

 Spells                   Type           Power      Damage    Failure   Level
 Passwall                 Tmut/Erth      13%        N/A       5%          2
 Necrotise                Necr           12%        1d4       14%         1
 Petrify                  Tmut/Erth      16%        N/A       34%         4
 Ignite Poison            Fire/Tmut/Pois 4%         N/A       36%         3
 Vampiric Draining        Necr           3%         2d6       41%         3
 Sticky Flame             Conj/Fire      8%         2d3       65%         4
 Agony                    Necr           3%         N/A       99%         5
 Ignition                 Fire           1%         3d3       100%        8


Dungeon Overview and Level Annotations

Branches:
Dungeon (4/15)
 Temple: D:4-7

Altars:
Kikubaaqudgha
Uskayaw
Vehumet
Yredelemnul

Shops:
D:4 *


Innate Abilities, Weirdness & Mutations

You are immune to sickness and miasma.
Your stone body is resilient. (AC +4)
You are immune to poison.
You resist negative energy. (rN+)
You are resistant to electric shocks. (rElec)
You are resistant to unholy torment.
You are immune to petrification.


Message History

Aiming: Sandblast (safe; 1% risk of failure)
Press: ? - help, Shift-Dir - straight line, f/p - steam dragon
Aim: a steam dragon (lightly wounded, catching its breath, 83% to hit)
The blast of sand hits the steam dragon!
The steam dragon is moderately wounded.
Casting: Sandblast (safe; 1% risk of failure)
Confirm with . or Enter, or press ? or * to list all spells.
Aiming: Sandblast (safe; 1% risk of failure)
Press: ? - help, Shift-Dir - straight line, f/p - steam dragon
Aim: a steam dragon (moderately wounded, 83% to hit)
The blast of sand hits the steam dragon.
The steam dragon is heavily wounded.
The steam dragon closely misses you.
The steam dragon claws you but does no damage.
The steam dragon bites you. The steam dragon barely misses you.
Casting: Sandblast (safe; 1% risk of failure)
Confirm with . or Enter, or press ? or * to list all spells.
Aiming: Sandblast (safe; 1% risk of failure)
Press: ? - help, Shift-Dir - straight line, f/p - steam dragon
Aim: a steam dragon (heavily wounded, 83% to hit)
Okay, then.
Casting: Sandblast (safe; 1% risk of failure)
Confirm with . or Enter, or press ? or * to list all spells.
Aiming: Sandblast (safe; 1% risk of failure)
Press: ? - help, Shift-Dir - straight line, f/p - steam dragon
Aim: a steam dragon (heavily wounded, 83% to hit)
The blast of sand hits the steam dragon.
The steam dragon is heavily wounded.
The steam dragon breathes steam at you. The ball of steam hits you!
* * * LOW HITPOINT WARNING * * *
Okay, then.
Casting: Sandblast (safe; 1% risk of failure)
Confirm with . or Enter, or press ? or * to list all spells.
Aiming: Sandblast (safe; 1% risk of failure)
Press: ? - help, Shift-Dir - straight line, f/p - steam dragon
Aim: a steam dragon (heavily wounded, catching its breath, 83% to hit)
The blast of sand misses the steam dragon.
You are engulfed in a cloud of scalding steam.
You die...

#### ...# ##.########
..........# .....####.#
#...## #.# ##########
##.## #.# #.@....... #.#
##.# #.D....... +#.#+
##..# #.........
#...###..)#####.........
..8...!..D)§)##.........
#...###...##§§..........
+#.#+ ##..#####.........
#.# ##.# #......... #.#
#.# #........


You could see a steam dragon (catching breath).

Vanquished Creatures
  A black bear (D:4)
  A howler monkey (D:4)
  An orc wizard (D:3)
  5 adders
  3 gnolls (D:4)
  6 orcs
  6 bats
  6 endoplasms
  3 giant cockroaches
  5 goblins
  11 hobgoblins
  6 jackals
  7 quokkas
  10 ball pythons
  6 frilled lizards
  6 kobolds
  9 rats
  A spectral orc (D:3)
93 creatures vanquished.

Vanquished Creatures (others)
  A plant (D:1)
  6 withered plants (D:3)
7 creatures vanquished.

Grand Total: 100 creatures vanquished

Notes
Turn   | Place    | Note
-------+----------+-------------------------------------------
     0 | D:1      | cheesebisquit the Gargoyle Earth Elementalist began the
                  | quest for the Orb.
     0 | D:1      | Reached XP level 1. HP: 10/10 MP: 3/3
   157 | D:1      | Reached skill level 4 in Earth Magic
   157 | D:1      | Reached XP level 2. HP: 15/15 MP: 1/5
   478 | D:1      | Reached XP level 3. HP: 19/19 MP: 3/6
   810 | D:2      | Learned a level 3 spell: Stone Arrow
   856 | D:2      | Found a hide-covered altar of Uskayaw.
  1300 | D:2      | Reached XP level 4. HP: 18/24 MP: 4/8
  1506 | D:3      | Reached skill level 5 in Earth Magic
  1610 | D:3      | Reached XP level 5. HP: 17/28 MP: 2/10
  1942 | D:3      | Found an ancient bone altar of Kikubaaqudgha.
  1968 | D:3      | Found a faded altar of an unknown god.
  2164 | D:3      | Found a basalt altar of Yredelemnul.
  2221 | D:3      | Found a hide-covered altar of Uskayaw.
  2352 | D:4      | Found Moeler's General Store.
  2358 | D:4      | Bought a scroll of magic mapping for 82 gold pieces
  2379 | D:4      | Found a radiant altar of Vehumet.
  2393 | D:4      | Became a worshipper of Vehumet
  2450 | D:4      | Reached skill level 1 in Conjurations
  2486 | D:4      | Reached XP level 6. HP: 10/32 MP: 9/11
  2505 | D:4      | Noticed a black bear
  2511 | D:4      | Killed a black bear
  2512 | D:4      | Reached skill level 6 in Earth Magic
  2806 | D:4      | Noticed a steam dragon
  2822 | D:4      | Engulfed by a steam dragon's steam

Illustrated notes

Levels and vault maps discovered:
D:1:      denvon_arrival_planthouse, layout_rooms, st_stairs_10,
          minmay_misc_feat_encased
D:2:      layout_rooms, basic_altar
D:3:      minmay_evil_eye, layout_rooms, kiku_gazebo_garden_becter,
          yredelemnul_forgotten_temple_becter, nicolae_overflow_hidden_temple,
          ebering_ecumenical_altar_petrified, grunt_decor_arrowhead
D:4:      cheibrodos_barr_body, layout_rooms, vehumet_altar_wand_db,
          tso_metal_star, grunt_gozag_statues, serial_shops,
          nicolae_stop_n_shop_2, serial_park_tiny_2, kennysheep_nub,
          nicolae_concentric_dashed_squares_mild

Skill      XL: |  1  2  3  4  5  6 |
---------------+-------------------+-----
Earth Magic    | 4 5 6 |  6.2
Spellcasting   | 3 4 |  4.2
Conjurations   | 1 2 |  2.3
Dodging        | |  1.5
Stealth        | |  2.1
Transmutations | |  0.7

Action                     |  1- 3 |  4- 6 || total
---------------------------+-------+-------++-------
  Melee: Dagger            |     3 |       ||     3
   Fire: Sling             |    16 |    71 ||    87
   Cast: Sandblast         |    49 |    62 ||   111
    Use: Scroll            |       |     8 ||     8
         Potion            |       |     2 ||     2
 Armour: Robe              |     4 |    29 ||    33
  Dodge: Dodged            |    11 |    38 ||    49

Table legend: (Time is in decaauts)
 A = Elapsed time spent in this place.
 B = Non-inter-level travel time spent in this place.
 C = Inter-level travel time spent in this place.
 D = Time resting spent in this place.
 E = Time spent auto-exploring this place.
 F = Levels seen in this place.
 G = Mean time per level.
                   A        B        C        D        E       F      G
               +--------+--------+--------+--------+--------+-----+--------+
         Total |   2910 |   2788 |    122 |    665 |   1536 |   4 |  727.5 |
       Dungeon |   2910 |   2788 |    122 |    665 |   1536 |   4 |  727.5 |
               +--------+--------+--------+--------+--------+-----+--------+

Top non-repeatable levels by time:
     D:3: 922 daAuts
     D:1: 901 daAuts
     D:2: 583 daAuts
     D:4: 502 daAuts
